[Event "*** SCC Grand Prix: Titled Tuesday Blitz"]
[Site "Chess.com"]
[Date "2020.08.25"]
[Round "2"]
[White "SHIVACalypso"]
[Black "Shubinkirill2003"]
[Result "0-1"]
[WhiteElo "2324"]
[BlackElo "2648"]
[TimeControl "180+1"]
[EndTime "10:14:37 PDT"]
[Termination "Shubinkirill2003 won by resignation"]

1. Nf3 e6 2. c4 b6 3. g3 Bb7 4. Bg2 Nf6 5. O-O Be7 6. Nc3 O-O 7. d4 Ne4 8. Nxe4 Bxe4 9. Be3 d6 10. Qd2 Nd7 11. Rfd1 Nf6 12. Rac1 Qc8 13. Ne1 Bxg2 14.
Nxg2 Qa6 15. b3 c5 16. f3 Rfd8 17. Bf2 cxd4 18. Bxd4 d5 19. Qb2 dxc4 20. Rxc4 e5 21. Ra4 Qb7 0-1

[Event "*** SCC Grand Prix: Titled Tuesday Blitz"]
[Site "Chess.com"]
[Date "2020.08.25"]
[Round "2"]
[White "BikingBrian"]
[Black "StellarChessPro"]
[Result "1-0"]
[WhiteElo "2281"]
[BlackElo "2477"]
[TimeControl "180+1"]
[EndTime "10:15:14 PDT"]
[Termination "BikingBrian won by resignation"]

1. d4 g6 2. e4 Bg7 3. Nc3 d6 4. Be3 Nf6 5. Qd2 c6 6. O-O-O h5 7.
h3 b5 8. Bd3 Qa5 9. Kb1 Be6 10.
d5 b4 11. dxe6 bxc3 12. exf7+ Kf8 13. Qxc3 Qxc3 14. bxc3 Nfd7 15. Bd4 Ne5 16. f4 Nxd3 17. cxd3 c5 18. Bxg7+ Kxg7 19. Nf3 Nc6 20. Ng5 Rab8+ 21.
Kc2 Rhc8 22. Rb1 Nd8 23. Rxb8 Rxb8 24. Rb1 Rxb1 25. Kxb1 Nxf7 26. Nxf7 Kxf7 27. g4 hxg4 28. hxg4 e6 29. d4 cxd4 30. cxd4 Ke7 31. Kc2 e5 32.
dxe5 dxe5 33. f5 gxf5 34. gxf5 Kd6 35. Kb3 Kc5 36. Ka4 Kd4 37. f6 1-0

[Event "*** SCC Grand Prix: Titled Tuesday Blitz"]
[Site "Chess.com"]
[Date "2020.08.25"]
[Round "2"]
[White "InitiatingASC"]
[Black "enriquebutti"]
[Result "1-0"]
[WhiteElo "2347"]
[BlackElo "1799"]
[TimeControl "180+1"]
[EndTime "10:15:16 PDT"]
[Termination "InitiatingASC won by resignation"]

1. Nf3 d5 2. b3 e6 3. Bb2 c5 4. e3 Nc6 5. c4 a6 6. cxd5 exd5 7.
Be2 Nf6 8. d3 Be7 9. O-O O-O 10.
Nbd2 b6 11. Ne5 Bb7 12. Ndf3 Nxe5 13. Nxe5 b5 14. Rc1 Rc8 15. Qc2 Bd6 16. Ng4 Nxg4 17. Bxg4 Rc7 18. Bf3 Qh4 19. g3 Qe7 20. Bg2 Be5 21.
Bxe5 Qxe5 22. d4 Qe7 23. dxc5 b4 24. Qd2 1-0

[Event "*** SCC Grand Prix: Titled Tuesday Blitz"]
[Site "Chess.com"]
[Date "2020.08.25"]
[Round "2"]
[White "RU_B9"]
[Black "amintabatabaei"]
[Result "0-1"]
[WhiteElo "1823"]
[BlackElo "2997"]
[TimeControl "180+1"]
[EndTime "10:15:22 PDT"]
[Termination "amintabatabaei won by resignation"]

1. c4 c5 2. Nf3 g6 3. e4 Nc6 4. d4 cxd4 5. Nxd4 Nf6 6. Nc3 d6 7.
Be2 Nxd4 8. Qxd4 Bg7 9. Bg5 O-O 10. Qd2 Be6 11. h4 Rc8 12. h5 Qa5 13. hxg6 fxg6 14.
Bh6 Bxh6 15. Qxh6 Bxc4 16. Bxc4+ Rxc4 17. f3 Rxc3 18. bxc3 Qxc3+ 19. Kf2 Ng4+ 0-1

[Event "*** SCC Grand Prix: Titled Tuesday Blitz"]
[Site "Chess.com"]
[Date "2020.08.25"]
[Round "2"]
[White "Lenyas66"]
[Black "kidagent"]
[Result "1-0"]
[WhiteElo "2470"]
[BlackElo "2254"]
[TimeControl "180+1"]
[EndTime "10:15:29 PDT"]
[Termination "Lenyas66 won by resignation"]

1. e4 c5 2. Nf3 d6 3. Bb5+ Nc6 4. O-O Nf6 5. Re1 Bd7 6. c3 g6 7. d4 Bg7 8. dxc5 dxc5 9. e5 Ng4 10. Bf4 O-O 11. Na3 a6 12. Bf1 b5 13. h3 Nh6 14.
Qd2 Nf5 15. g4 1-0

[Event "*** SCC Grand Prix: Titled Tuesday Blitz"]
[Site "Chess.com"]
[Date "2020.08.25"]
[Round "2"]
[White "GustavoJuarezF"]
[Black "KonstantinB_1983"]
[Result "0-1"]
[WhiteElo "2075"]
[BlackElo "2389"]
[TimeControl "180+1"]
[EndTime "10:15:31 PDT"]
[Termination "KonstantinB_1983 won by resignation"]

1. c4 c6 2. Nc3 Nf6 3. g3 d5 4. cxd5 cxd5 5. Bg2 Nc6 6. d3 h6 7. a3 e6 8. Nf3 d4 9. Ne4 Nxe4 10. dxe4 Be7 11.
O-O e5 12. e3 Bg4 13. h3 Bxf3 14. Bxf3 O-O 15. b4 a6 16. Re1 Qb6 17. Bb2 Rfd8 18.
exd4 exd4 19. Be2 a5 20. b5 Ne5 21. f4 d3+ 22. Kg2 dxe2 23. Qxe2 Nd3 24. Red1 Qxb5 25.
Rxd3 Qxd3 0-1

[Event "*** SCC Grand Prix: Titled Tuesday Blitz"]
[Site "Chess.com"]
[Date "2020.08.25"]
[Round "2"]
[White "Eliwood44"]
[Black "creativity"]
[Result "1-0"]
[WhiteElo "2366"]
[BlackElo "2003"]
[TimeControl "180+1"]
[EndTime "10:15:36 PDT"]
[Termination "Eliwood44 won by resignation"]

1. d4 f5 2. Bf4 Nf6 3. e3 d6 4. Nf3 g6 5. h4 Bg7 6. h5 Be6 7. h6 Bf8 8. c4 c6 9. Nc3 Na6 10.
d5 cxd5 11. cxd5 Bd7 12. Bxa6 bxa6 13. O-O Rb8 14. b3 Rb4 15. Nd4 Nh5 16. Bg5 Nf6 17. Re1 Ng8 18. e4 fxe4 19. Nxe4 Kf7 20. Nxd6+ 1-0

[Event "*** SCC Grand Prix: Titled Tuesday Blitz"]
[Site "Chess.com"]
[Date "2020.08.25"]
[Round "2"]
[White "Msb2"]
[Black "regular_legs"]
[Result "1-0"]
[WhiteElo "2830"]
[BlackElo "2519"]
[TimeControl "180+1"]
[EndTime "10:15:38 PDT"]
[Termination "Msb2 won by resignation"]

1. d4 Nf6 2. c4 g6 3. Nc3 d5 4.
cxd5 Nxd5 5. e4 Nxc3 6. bxc3 Bg7 7. Bc4 c5 8. Ne2 Nc6 9. Be3 O-O 10. Rc1 cxd4 11. cxd4 Qa5+ 12. Rc3 e5 13. d5 Nd4 14. Qd2 Nxe2 15. Bxe2 Bd7 16. O-O f5 17. Rfc1 fxe4 18.
Rc7 Bf5 19. Qxa5 1-0

[Event "*** SCC Grand Prix: Titled Tuesday Blitz"]
[Site "Chess.com"]
[Date "2020.08.25"]
[Round "2"]
[White "stolencandy13"]
[Black "ElGasanov"]
[Result "0-1"]
[WhiteElo "2503"]
[BlackElo "2769"]
[TimeControl "180+1"]
[EndTime "10:15:41 PDT"]
[Termination "ElGasanov won by resignation"]

1. e4 c5 2. Nf3 Nc6 3. d4 cxd4 4. Nxd4 Nf6 5. Nc3 g6 6. f3 Bg7 7. Be3 O-O 8. Qd2 d5 9. Nxc6 bxc6 10. O-O-O Qa5 11. Kb1 Rb8 12. Nxd5 Rxb2+ 13. Kxb2 Nxe4+ 14. Bd4 Nxd2 15. Nxe7+ Kh8 16. Nxc6 Qb6+ 17. Kc1 Bxd4 18. Nxd4 Qxd4 0-1

[Event "*** SCC Grand Prix: Titled Tuesday Blitz"]
[Site "Chess.com"]
[Date "2020.08.25"]
[Round "2"]
[White "wannabe2700"]
[Black "vvg2"]
[Result "1-0"]
[WhiteElo "2629"]
[BlackElo "2286"]
[TimeControl "180+1"]
[EndTime "10:15:49 PDT"]
[Termination "wannabe2700 won by resignation"]

1. e4 c5 2. d4 cxd4 3. Nf3 Nc6 4. Nxd4 Nf6 5. Nc3 e5 6. Ndb5 d6 7. Nd5 Nxd5 8. exd5 Nb8 9. a4 Be7 10. Be2 O-O 11. O-O a6 12. Na3 b6 13. Nc4 Nd7 14. Be3 Bb7 15. a5 b5 16. Nb6 Nxb6 17. Bxb6 Qd7 18. c4 bxc4 19. Bxc4 Rfc8 20. Qe2 Bd8 21. Be3 f5 22. f3 h6 23. b4 Qf7 24. Rfd1 Bg5 25.
Bf2 Bf6 26. Ra3 Re8 27. b5 axb5 28. Bxb5 Re7 29. a6 Bxd5 30. Rxd5 1-0

[Event "*** SCC Grand Prix: Titled Tuesday Blitz"]
[Site "Chess.com"]
[Date "2020.08.25"]
[Round "2"]
[White "1977Ivan"]
[Black "zmeeed67"]
[Result "1-0"]
[WhiteElo "2689"]
[BlackElo "2463"]
[TimeControl "180+1"]
[EndTime "10:15:55 PDT"]
[Termination "1977Ivan won by resignation"]

1. d4 Nc6 2. e4 d6 3. Nc3 Nf6 4. d5 Ne5 5. f4 Ned7 6. Nf3 c6 7. dxc6 bxc6 8. e5 Ng4 9. Ng5 Nb6 10. e6 Nh6 11. f5 f6 12. Qh5+ g6 13. fxg6 Qc7 14.
g7+ 1-0

[Event "*** SCC Grand Prix: Titled Tuesday Blitz"]
[Site "Chess.com"]
[Date "2020.08.25"]
[Round "2"]
[White "LawrenceTrent"]
[Black "BillieKimbah"]
[Result "0-1"]
[WhiteElo "2547"]
[BlackElo "2873"]
[TimeControl "180+1"]
[EndTime "10:15:59 PDT"]
[Termination "BillieKimbah won by resignation"]

1. d3 d5 2. d4 Nf6 3. Bf4 c5 4. e3 Nc6 5. Nf3 Qb6 6. Nc3 Bg4 7. Nb5 Rc8 8. c3 e6 9. Nd6+ Bxd6 10. Bxd6 Bxf3 11. gxf3 cxd4 12. cxd4 Nxd4 13. Qa4+ Nd7 14. Qxd4 Qxd6 15. Bb5 O-O 16. Rg1 g6 17. Bxd7 Qxd7 18. Qxa7 Rc2 19. Qd4 Qb5 0-1

[Event "*** SCC Grand Prix: Titled Tuesday Blitz"]
[Site "Chess.com"]
[Date "2020.08.25"]
[Round "2"]
[White "AGW2016"]
[Black "Kira170"]
[Result "0-1"]
[WhiteElo "2338"]
[BlackElo "2637"]
[TimeControl "180+1"]
[EndTime "10:16:00 PDT"]
[Termination "Kira170 won by resignation"]

1. d4 e6 2. c4 Nf6 3. g3 d5 4.
Nf3 g6 5. Bg2 Bg7 6. O-O O-O 7.
Nbd2 b6 8. Ne5 Bb7 9. b3 Qe7 10. Bb2 c5 11. dxc5 bxc5 12. cxd5 exd5 13. Nd3 Na6 14.
Rc1 Rac8 15. e3 Rfd8 16. Re1 Ne4 17. Bxg7 Kxg7 18. Qc2 Kg8 19. a3 c4 20. Bxe4 cxd3 21. Bxd3 Rxc2 22. Rxc2 Qxa3 23. Rec1 Nb4 24. Rc3 Nxd3 0-1

[Event "*** SCC Grand Prix: Titled Tuesday Blitz"]
[Site "Chess.com"]
[Date "2020.08.25"]
[Round "2"]
[White "romulocardoso"]
[Black "MattyDPerrine"]
[Result "0-1"]
[WhiteElo "1995"]
[BlackElo "2364"]
[TimeControl "180+1"]
[EndTime "10:16:05 PDT"]
[Termination "MattyDPerrine won by resignation"]

1. e4 c5 2. Nf3 e6 3. d4 cxd4 4. Nxd4 Nf6 5. Nc3 Nc6 6. Be2 Bb4 7. O-O Bxc3 8. bxc3 Nxe4 9. Qd3 d5 10. Ba3 Qa5 11. c4 Nxd4 12. Qxd4 Qxa3 13. cxd5 Nf6 14. Bb5+ Ke7 15. c4 a6 16. Bc6 bxc6 17. dxc6 Qd6 18.
Qb6 Bd7 19. Rfd1 Qxc6 20. Qb4+ Ke8 21. Rd6 Qc7 22. Rad1 Rb8 23. Qc3 Qxd6 24. Rxd6 Rb1+ 0-1

[Event "*** SCC Grand Prix: Titled Tuesday Blitz"]
[Site "Chess.com"]
[Date "2020.08.25"]
[Round "2"]
[White "reutik"]
[Black "dforcen"]
[Result "0-1"]
[WhiteElo "2268"]
[BlackElo "2626"]
[TimeControl "180+1"]
[EndTime "10:16:12 PDT"]
[Termination "dforcen won by resignation"]

1. d4 Nf6 2. c4 g6 3. f3 Bg7 4.
e4 O-O 5. Nc3 c5 6. d5 e6 7. Be3 exd5 8. cxd5 d6 9. Nge2 a6 10.
a4 Nbd7 11. Ng3 h5 12. Be2 h4 13. Nf1 Nh7 14. Nd2 f5 15. O-O f4 16. Bf2 Ne5 17. a5 g5 18. h3 b5 19. axb6 Qxb6 20.
Qc2 Bd7 21. Rfb1 a5 22. Nc4 Nxc4 23. Bxc4 Rfb8 24. Ra3 Qb4 25. Bf1 Nf8 26. Nd1 Ng6 27. Be1 Qxe1 0-1

[Event "*** SCC Grand Prix: Titled Tuesday Blitz"]
[Site "Chess.com"]
[Date "2020.08.25"]
[Round "2"]
[White "karwowskikacper"]
[Black "NMZanette"]
[Result "1-0"]
[WhiteElo "2401"]
[BlackElo "2115"]
[TimeControl "180+1"]
[EndTime "10:16:13 PDT"]
[Termination "karwowskikacper won by resignation"]

1. e4 c5 2. Nf3 d6 3. c3 Nf6 4. h3 e5 5. Bd3 Nc6 6. O-O Be7 7. Bc2 O-O 8. d4 h6 9. d5 Nb8 10. Nbd2 b5 11. Re1 Nbd7 12. a4 b4 13. c4 a5 14. b3 Kh8 15. Nh2 Ng8 16. Ndf1 g6 17. f4 exf4 18. Bxf4 Bf6 19. Bxd6 Bxa1 20. Qxa1+ Kh7 21.
Bxf8 Nxf8 22. e5 Ra6 23. Qc1 Qh4 24. Qe3 Ne7 25. Nf3 Qh5 26. Ng3 1-0

[Event "*** SCC Grand Prix: Titled Tuesday Blitz"]
[Site "Chess.com"]
[Date "2020.08.25"]
[Round "2"]
[White "Beca95"]
[Black "Evandro_Barbosa"]
[Result "1-0"]
[WhiteElo "2873"]
[BlackElo "2548"]
[TimeControl "180+1"]
[EndTime "10:16:15 PDT"]
[Termination "Beca95 won by resignation"]

1. d4 Nf6 2. c4 g6 3. Nc3 d5 4.
Nf3 Bg7 5. Qb3 dxc4 6. Qxc4 O-O 7. e4 Nc6 8. Be3 Ng4 9. e5 Be6 10. Qb5 Nxe3 11. fxe3 Bd7 12. Qb3 Na5 13. Qa3 b6 14. b4 Nc6 15. Ba6 f6 16. Qb3+ Kh8 17. e6 Be8 18. O-O Qd6 19. a3 Bh6 20. Rfe1 f5 21. Rac1 f4 22. Ne4 Qd8 23. d5 fxe3 24. dxc6 e2 25. Rc2 1-0

[Event "*** SCC Grand Prix: Titled Tuesday Blitz"]
[Site "Chess.com"]
[Date "2020.08.25"]
[Round "2"]
[White "Violord"]
[Black "barbara25"]
[Result "1-0"]
[WhiteElo "2625"]
[BlackElo "2266"]
[TimeControl "180+1"]
[EndTime "10:16:21 PDT"]
[Termination "Violord won by resignation"]

1. e4 c5 2. Nf3 d6 3. Bb5+ Nd7 4.
c3 Nf6 5. Qe2 a6 6. Ba4 e5 7.
O-O Be7 8. d4 O-O 9. dxe5 Nxe5 10. Nxe5 dxe5 11. c4 Qc7 12. Nc3 Be6 13. Bc2 h6 14. a4 Rad8 15. a5 b6 16. axb6 Qxb6 17. Nd5 Bxd5 18. cxd5 a5 19. Ra2 Bd6 20. Bd2 Ra8 21.
Rfa1 Nh7 22. Bxa5 Qb7 23. Bc3 Rxa2 24. Rxa2 Ra8 25. Rxa8+ Qxa8 26. h3 Nf6 27. Bd3 g6 28. g3 Qc8 29. Kg2 Kg7 30. Bc2 h5 31. Qb5 Nh7 32. h4 Qd8 33. Qc6 g5 34. hxg5 Qxg5 35. Qxd6 1-0

[Event "*** SCC Grand Prix: Titled Tuesday Blitz"]
[Site "Chess.com"]
[Date "2020.08.25"]
[Round "2"]
[White "AldokhinIvan"]
[Black "korkmaz16"]
[Result "0-1"]
[WhiteElo "2543"]
[BlackElo "2299"]
[TimeControl "180+1"]
[EndTime "10:16:21 PDT"]
[Termination "korkmaz16 won on time"]

1. d4 d5 2. c4 e5 3. dxe5 d4 4. Nf3 Nc6 5. g3 Be6 6. Bg2 Qd7 7. Nbd2 Bh3 8. O-O Bxg2 9. Kxg2 O-O-O 10. a3 Nge7 11.
b4 Ng6 12. Qa4 Kb8 13. Bb2 h5 14. h4 Qg4 15. Rad1 Nf4+ 16. Kh1 Qh3+ 0-1

[Event "*** SCC Grand Prix: Titled Tuesday Blitz"]
[Site "Chess.com"]
[Date "2020.08.25"]
[Round "2"]
[White "NiranjanNavalgund"]
[Black "BJthechessgod"]
[Result "1-0"]
[WhiteElo "2445"]
[BlackElo "2214"]
[TimeControl "180+1"]
[EndTime "10:16:25 PDT"]
[Termination "NiranjanNavalgund won by resignation"]

1. e4 c5 2. Nf3 Nc6 3. d4 cxd4 4. c3 g6 5. cxd4 d5 6. exd5 Qxd5 7. Nc3 Qd8 8. d5 Nb8 9. Bb5+ Bd7 10. O-O Bg7 11.
Re1 Bxc3 12. Bxd7+ Qxd7 13. bxc3 Nf6 14. d6 e6 15. Qd4 Qd8 16. Bh6 Nbd7 17. Ne5 Nxe5 18. Qxe5 Rg8 19. Bg5 Nd7 20. Qd5 Nf6 21. Qxb7 Rb8 22.
Qf3 Qxd6 23. Qxf6 1-0

[Event "*** SCC Grand Prix: Titled Tuesday Blitz"]
[Site "Chess.com"]
[Date "2020.08.25"]
[Round "2"]
[White "ditkin25"]
[Black "Skatchkov_V"]
[Result "0-1"]
[WhiteElo "2431"]
[BlackElo "2675"]
[TimeControl "180+1"]
[EndTime "10:16:30 PDT"]
[Termination "Skatchkov_V won by resignation"]

1. e4 e5 2. Nf3 Nf6 3. Nc3 Nc6 4. Be2 d5 5. exd5 Nxd5 6. O-O Nxc3 7. bxc3 e4 8. Ne1 Bd6 9. f3 Bf5 10. Rb1 O-O 11.
Rxb7 Bc5+ 12. Kh1 Bb6 13. fxe4 Bxe4 14. Bf3 Bd5 15. c4 Bxc4 16. Bxc6 Bxf1 17. Rxb6 axb6 18. Bxa8 Qxa8 19. d3 Re8 20. Qf3 Qxf3 21. Nxf3 Re2 22. Kg1 Rxc2 23. Kxf1 Rxc1+ 24. Ne1 Ra1 25. Kf2 Rxa2+ 26.
Ke3 Kf8 27. h3 Ke7 28. g4 Rh2 29. Ke4 Re2+ 0-1

[Event "*** SCC Grand Prix: Titled Tuesday Blitz"]
[Site "Chess.com"]
[Date "2020.08.25"]
[Round "2"]
[White "LaPorfia"]
[Black "londonkid"]
[Result "0-1"]
[WhiteElo "2242"]
[BlackElo "2453"]
[TimeControl "180+1"]
[EndTime "10:16:33 PDT"]
[Termination "londonkid won by checkmate"]

1. d4 Nf6 2. Nf3 e6 3. Bf4 b6 4. Nbd2 Bb7 5. e3 Be7 6. Bd3 O-O 7. c3 c5 8. Qe2 cxd4 9. exd4 d6 10. h4 Nbd7 11. h5 h6 12. O-O-O b5 13. Kb1 b4 14. c4 Rc8 15. g4 Nxg4 16. Rhg1 Ndf6 17. Ne5 dxe5 18.
dxe5 Nxf2 19. exf6 Bxf6 20. Bc2 Qd4 21. Bb3 Qxb2# 0-1

[Event "*** SCC Grand Prix: Titled Tuesday Blitz"]
[Site "Chess.com"]
[Date "2020.08.25"]
[Round "2"]
[White "guillembaches"]
[Black "The_Chess_Coach"]
[Result "1-0"]
[WhiteElo "2422"]
[BlackElo "2186"]
[TimeControl "180+1"]
[EndTime "10:16:37 PDT"]
[Termination "guillembaches won by resignation"]

1. e4 e6 2. Nf3 d5 3. exd5 exd5 4.
d4 Bg4 5. h3 Bh5 6. Qe2+ Qe7 7.
Be3 Nc6 8. Nc3 O-O-O 9. O-O-O Nf6 10. g4 Bg6 11. Ne5 Nxe5 12. dxe5 Qxe5 13. f4 Qe6 14. f5 Bxf5 15. gxf5 Qxf5 16. Bg2 Bb4 17. Rhf1 Qe6 18. Bd4 Qc6 19. Bxf6 gxf6 20. Nxd5 Qc5 21. Qg4+ 1-0

[Event "*** SCC Grand Prix: Titled Tuesday Blitz"]
[Site "Chess.com"]
[Date "2020.08.25"]
[Round "2"]
[White "lacafi"]
[Black "Gvetadze"]
[Result "0-1"]
[WhiteElo "2140"]
[BlackElo "2408"]
[TimeControl "180+1"]
[EndTime "10:16:37 PDT"]
[Termination "Gvetadze won by resignation"]

1. d4 Nf6 2. Nf3 g6 3. c4 c5 4. e3 cxd4 5. exd4 d5 6. cxd5 Nxd5 7. Nc3 Bg7 8. Be2 Nc6 9. O-O O-O 10. h3 Bf5 11. a3 Rc8 12. Qb3 Nb6 13. Be3 Na5 14. Qb4 Nac4 15. Bg5 Bf6 16. Bxf6 exf6 17. Rac1 a5 18.
Qb3 Nd6 19. Nb5 Ne4 20. Bd3 Qd5 21. Qxd5 Nxd5 22. Bxe4 Rxc1 23. Rxc1 Bxe4 24. Nd6 Bxf3 25. gxf3 Nf4 26. Nxb7 Ne2+ 0-1

[Event "*** SCC Grand Prix: Titled Tuesday Blitz"]
[Site "Chess.com"]
[Date "2020.08.25"]
[Round "2"]
[White "szachuspl"]
[Black "IrinaDrogovoz"]
[Result "0-1"]
[WhiteElo "2504"]
[BlackElo "2290"]
[TimeControl "180+1"]
[EndTime "10:16:38 PDT"]
[Termination "IrinaDrogovoz won by resignation"]

1. d4 Nf6 2. c4 g6 3. Nc3 d5 4. Nf3 Bg7 5. Bf4 O-O 6. e3 c5 7. dxc5 Qa5 8. cxd5 Nxd5 9. Rc1 Nxc3 10. bxc3 Bxc3+ 11. Nd2 Rd8 12. Rxc3 Qxc3 13. Be2 Nc6 14. e4 Be6 15.
O-O Qxc5 16. Be3 Nd4 17. Bg4 Bxg4 18. Qxg4 Qc8 19. Qh4 Qe6 20. Rb1 b6 21. Bh6 Rac8 22.
Re1 Nc2 23. Rf1 Nd4 24. Kh1 Rc2 25. a4 Ra2 26. f4 Rxd2 27. f5 Qc4 28. Rg1 Nxf5 29.
Qg5 Nxh6 0-1

[Event "*** SCC Grand Prix: Titled Tuesday Blitz"]
[Site "Chess.com"]
[Date "2020.08.25"]
[Round "2"]
[White "KyrgyzFighter"]
[Black "Ali_rastbod"]
[Result "1-0"]
[WhiteElo "2319"]
[BlackElo "2668"]
[TimeControl "180+1"]
[EndTime "10:16:40 PDT"]
[Termination "KyrgyzFighter won by checkmate"]

1. c4 e5 2. Nc3 Nc6 3. g3 f5 4. Bg2 Nf6 5. e3 d5 6. Nxd5 Nxd5 7.
cxd5 Nb4 8. d4 e4 9. Nh3 Nd3+ 10. Kf1 Qxd5 11. Qxd3 Bd7 12. Qb3 Bb5+ 13. Kg1 Bc4 14.
Qc3 Bd6 15. b3 Bb5 16. Nf4 Bxf4 17. gxf4 O-O 18. h4 Rf6 19. h5 Rc6 20. Qd2 Bd3 21.
Ba3 Rc2 22. Qb4 Re8 23. Rd1 a5 24. Qa4 Be2 25. Qxe8# 1-0

[Event "*** SCC Grand Prix: Titled Tuesday Blitz"]
[Site "Chess.com"]
[Date "2020.08.25"]
[Round "2"]
[White "tvjosue"]
[Black "rasmussvane"]
[Result "0-1"]
[WhiteElo "2544"]
[BlackElo "2864"]
[TimeControl "180+1"]
[EndTime "10:16:41 PDT"]
[Termination "rasmussvane won by resignation"]

1. e4 c6 2. d4 d5 3. exd5 cxd5 4. Bd3 Nf6 5. Bf4 Nc6 6. c3 Bg4 7. Qb3 Qd7 8. Nd2 e6 9. Ngf3 Bd6 10. Bxd6 Qxd6 11. O-O O-O 12. Rfe1 Qc7 13. a4 Rfe8 14. Rac1 Rac8 15. h3 Bf5 16. Bxf5 exf5 17. Rxe8+ Rxe8 18. Re1 Rxe1+ 19. Nxe1 g6 20. Nd3 Kg7 21. Qa3 b6 22.
Qb3 Qe7 23. Qd1 Ne4 24. Nf3 Qe8 25. Nf4 Ne7 26. Qb3 Qd7 27. Ne5 Qd6 28. f3 Ng5 29. h4 Ne6 30. Nxe6+ Qxe6 31. Kf2 Qf6 32. g3 f4 33. Qb4 fxg3+ 34. Kxg3 Nf5+ 35. Kg2 Qxh4 36. Nd7 Ne3+ 0-1

[Event "*** SCC Grand Prix: Titled Tuesday Blitz"]
[Site "Chess.com"]
[Date "2020.08.25"]
[Round "2"]
[White "Gloomy_Wanderer"]
[Black "english_player_89"]
[Result "1-0"]
[WhiteElo "2754"]
[BlackElo "2499"]
[TimeControl "180+1"]
[EndTime "10:16:42 PDT"]
[Termination "Gloomy_Wanderer won by resignation"]

1. d4 d5 2. c4 c6 3. cxd5 cxd5 4.
Nc3 Nf6 5. Bg5 Ne4 6. Nxe4 dxe4 7. Rc1 Nc6 8. d5 Ne5 9. Qa4+ Bd7 10. Qxe4 f6 11. Bd2 g6 12. Bc3 Nf7 13. e3 Bg7 14. Nf3 O-O 15. Be2 Bf5 16. Qd4 Nd6 17. Nd2 Bd7 18.
O-O Nb5 19. Bxb5 Bxb5 20. Rfd1 Rf7 21. Nb3 b6 22. a4 Ba6 23. a5 Rc8 24. axb6 axb6 25.
d6 f5 26. dxe7 Qxd4 27. Bxd4 Rxc1 28. e8=Q+ 1-0

[Event "*** SCC Grand Prix: Titled Tuesday Blitz"]
[Site "Chess.com"]
[Date "2020.08.25"]
[Round "2"]
[White "binbin239"]
[Black "Firouzja2003"]
[Result "0-1"]
[WhiteElo "2587"]
[BlackElo "2995"]
[TimeControl "180+1"]
[EndTime "10:16:45 PDT"]
[Termination "Firouzja2003 won by resignation"]

1. d4 Nf6 2. c4 e6 3. Nf3 d5 4. g3 Bb4+ 5. Bd2 Bd6 6. Bg2 O-O 7. O-O c6 8. Qc2 Nbd7 9. Bg5 h6 10. Bxf6 Nxf6 11.
Nbd2 b6 12. e4 Be7 13. Rfd1 Bb7 14. Ne5 Rc8 15. Rac1 c5 16. exd5 exd5 17. dxc5 Bxc5 18. Qa4 Qc7 19. Nd3 dxc4 20. Bxb7 Qxb7 21. Nxc5 Rxc5 22.
Rxc4 b5 23. Qb4 Rd5 24. Rcc1 Rfd8 25. Rc2 Rd4 26. Qa5 Ne4 0-1

[Event "*** SCC Grand Prix: Titled Tuesday Blitz"]
[Site "Chess.com"]
[Date "2020.08.25"]
[Round "2"]
[White "joppie2"]
[Black "Caterpiller35"]
[Result "1-0"]
[WhiteElo "2869"]
[BlackElo "2339"]
[TimeControl "180+1"]
[EndTime "10:16:45 PDT"]
[Termination "joppie2 won on time"]

1. d4 Nf6 2. Nf3 e6 3. e3 c5 4. Nbd2 b6 5. Bd3 Bb7 6. c3 Nc6 7. e4 cxd4 8. cxd4 Rc8 9. a3 d6 10. O-O Be7 11. Qe2 O-O 12. Rd1 Qc7 13. Nf1 Rfe8 14.
Ng3 Na5 15. Bf4 Nb3 16. Rab1 Bf8 17. h3 e5 18. dxe5 dxe5 19. Bg5 Be7 20. Nf5 Nc5 21. Rbc1 Qb8 22. Bb5 Ncxe4 23. Rxc8 Qxc8 24. Bxe8 Qxf5 25. Bxf6 Bxf6 26. Bd7 Qg6 27. Rc1 h6 28. Bc6 Bxc6 29.
Rxc6 1-0

[Event "*** SCC Grand Prix: Titled Tuesday Blitz"]
[Site "Chess.com"]
[Date "2020.08.25"]
[Round "2"]
[White "Aradej"]
[Black "Efremov_Vlad"]
[Result "0-1"]
[WhiteElo "2413"]
[BlackElo "2212"]
[TimeControl "180+1"]
[EndTime "10:16:48 PDT"]
[Termination "Efremov_Vlad won by resignation"]

1. d4 d5 2. Bf4 Nf6 3. e3 c5 4. c3 Nc6 5. Nd2 e6 6. Ngf3 cxd4 7. exd4 Nh5 8. Be3 Bd6 9. Bd3 g6 10. O-O f6 11. c4 O-O 12. Re1 Ng7 13. Bf1 Qc7 14.
Rc1 Qf7 15. a3 a5 16. Qb3 Nf5 17. Qc3 Nxe3 18. Qxe3 Bd7 19. Qb3 Rab8 20. Qa2 g5 21. h3 h5 22. Nb3 g4 23. hxg4 hxg4 24. Nh2 Bxh2+ 25. Kxh2 Qh5+ 26. Kg1 Kg7 27. f4 gxf3 28. Rc3 Qh4 0-1

[Event "*** SCC Grand Prix: Titled Tuesday Blitz"]
[Site "Chess.com"]
[Date "2020.08.25"]
[Round "2"]
[White "grunbergmihai"]
[Black "Evgeny81"]
[Result "0-1"]
[WhiteElo "2463"]
[BlackElo "2693"]
[TimeControl "180+1"]
[EndTime "10:16:53 PDT"]
[Termination "Evgeny81 won by resignation"]

1. Nf3 Nf6 2. c4 c6 3. g3 d5 4. Bg2 Bf5 5. O-O e6 6. d3 dxc4 7. dxc4 Qxd1 8. Rxd1 Nbd7 9. Nc3 h6 10. b3 Bc5 11. Bb2 O-O 12. e3 Rad8 13. Nd4 Bg6 14. Rd2 Ne5 15. h3 Nd3 16. Na4 Bb4 17. Bc3 Bxc3 18.
Nxc3 e5 19. Nf3 Rd7 20. Rad1 Rfd8 21. Bf1 e4 22. Nd4 Ne5 23. Bg2 c5 24. Nde2 Rxd2 0-1

[Event "*** SCC Grand Prix: Titled Tuesday Blitz"]
[Site "Chess.com"]
[Date "2020.08.25"]
[Round "2"]
[White "zmarian"]
[Black "Shuvalov"]
[Result "1-0"]
[WhiteElo "2181"]
[BlackElo "2399"]
[TimeControl "180+1"]
[EndTime "10:16:57 PDT"]
[Termination "zmarian won by resignation"]

1. g3 d5 2. Bg2 Nf6 3. c4 c6 4. Nf3 dxc4 5. O-O Nbd7 6. a4 Nc5 7. Na3 Nb3 8. Ra2 Be6 9. Ng5 Qd7 10. Nxe6 Qxe6 11. Qc2 Qxe2 12. Nxc4 Nd4 13. Qc3 Rd8 14. Kh1 e5 15. d3 Be7 16. Re1 Qxf2 17. Be3 Qf5 18.
Bxd4 exd4 19. Qb4 Rd7 20. Rxe7+ Kd8 21. Rxd7+ Qxd7 22. Qd6 Re8 23. Qxd7+ Kxd7 24. Ra1 Re2 25. Kg1 Ng4 26. Bf3 1-0

[Event "*** SCC Grand Prix: Titled Tuesday Blitz"]
[Site "Chess.com"]
[Date "2020.08.25"]
[Round "2"]
[White "TomasKapitanchuk"]
[Black "Sesleria"]
[Result "1-0"]
[WhiteElo "2389"]
[BlackElo "2064"]
[TimeControl "180+1"]
[EndTime "10:16:57 PDT"]
[Termination "TomasKapitanchuk won by resignation"]

1. e4 c5 2. Nf3 Nc6 3. Bb5 Nf6 4.
e5 Ng4 5. Qe2 Qc7 6. Bxc6 bxc6 7. d3 h5 8. h3 Nh6 9. Ng5 Nf5 10. c3 g6 11. Nd2 Bg7 12. Ndf3 Ba6 13. Bf4 h4 14. Nxf7 O-O 15. N7g5 Nd4 16. cxd4 Rxf4 17.
dxc5 Qa5+ 18. Qd2 Qxd2+ 19. Kxd2 Rb8 20. b3 d6 21. Ne6 Rf5 22. Nxg7 Kxg7 23. exd6 exd6 24.
cxd6 Rd5 25. d4 c5 26. Rac1 cxd4 27. Rc6 Kf6 28. Rxa6 1-0